 Dungeon Crawl Stone Soup version 0.23.2-30-g0e89c35649 (webtiles) character file.

Game seed: 15890824668201275407

114 mahrnol the Ruffian (level 4, -2/44 HPs)
             Began as a Troll Monk on June 13, 2019.
             Slain by a wight
             ... wielding a cursed +5 scimitar
              (3 damage)
             ... on level 2 of the Dungeon.
             The game lasted 00:03:59 (1441 turns).

mahrnol the Ruffian (Troll Monk)                    Turns: 1441, Time: 00:04:00

Health: -2/44      AC:  6    Str: 19    XL:     4   Next: 66%
Magic:  3/3        EV: 10    Int:  6    God:
Gold:   76         SH:  0    Dex: 13    Spells: 3/3 levels left

rFire    . . .     SeeInvis .     - Unarmed
rCold    . . .     Gourm    +   (no shield)
rNeg     . . .     Faith    .   a - +0 robe
rPois    .         Spirit   .   (helmet restricted)
rElec    .         Reflect  .   (no cloak)
rCorr    .         Harm     .   (gloves unavailable)
MR       .....                  (boots unavailable)
Stlth    +.........             (no amulet)
HPRegen  0.54/turn              h - ring of flight
MPRegen  0.08/turn              (no ring)

@: drained
A: large, unfitting armour, claws 3, fast metabolism 3, gourmand, regeneration
1, shaggy fur 1, tough skin 3
a: Evoke Flight


You were on level 2 of the Dungeon.
You were very full.

You visited 1 branch of the dungeon, and saw 2 of its levels.

You collected 76 gold pieces.

Inventory:

Hand Weapons
 c - a +3 mace
Armour
 a - a +0 robe (worn)
Jewellery
 h - a ring of flight (left claw)
Scrolls
 j - a scroll of identify {unknown}
 k - a scroll of enchant weapon {unknown}
 l - a scroll of enchant armour {unknown}
Potions
 d - a potion of resistance {unknown}
 e - 2 potions of brilliance {unknown}
 g - 3 potions of agility {unknown}
 i - a potion of curing {unknown}
Comestibles
 b - 8 rations
 f - 5 chunks of flesh


   Skills:
 - Level 2.4(1.4) Fighting
 + Level 3.3(2.3) Dodging
 + Level 1.3(0.4) Stealth
 + Level 4.3(3.3) Unarmed Combat


You had 3 spell levels left.
You didn't know any spells.
Your spell library was empty.

Dungeon Overview and Level Annotations

Branches:
Dungeon (2/15)

Altars:
Xom


Innate Abilities, Weirdness & Mutations

You are too large for most types of armour.
You have claws for hands.
Your metabolism is lightning-fast.
You like to eat raw meat.
Your natural rate of healing is unusually fast.
You are covered in fur. (AC +1)
You have extremely tough skin. (AC +3)


Message History

You scratch the wight.
The wight is moderately damaged.
The wight hits you with a cursed +5 scimitar.
You barely miss the wight.
The wight is moderately damaged.
The wight hits you with a cursed +5 scimitar!
You feel drained.
You barely miss the wight.
The wight is moderately damaged.
You scratch the wight.
The wight is moderately damaged.
The wight hits you with a cursed +5 scimitar!
You feel drained.
* * * LOW HITPOINT WARNING * * *
You claw the wight!
The wight is severely damaged.
The wight hits you with a cursed +5 scimitar!
* * * LOW HITPOINT WARNING * * *
You feel drained.
You die...

.....<......... .
...##.#.#######... ..
#.#.........#
..##'#.........#
..........#.......
..........#.#+####
........)z#.....
.##.......####)#
#.......# #@#
#.......####z####
...+................#
...#................#
...#................#
..###...#####.......#
..###... #.......##..
...##...#####..........>
...#.......##...#########


You could see a wight.

Vanquished Creatures
  A wight (D:2)
  2 adders (D:2)
  3 dart slugs (D:1)
  3 leopard geckos
  3 bats (D:1)
  2 giant cockroaches (D:1)
  6 goblins
  2 hobgoblins
  6 jackals
  7 kobolds
  A quokka (D:2)
  A ball python (D:2)
  4 frilled lizards
  2 rats
43 creatures vanquished.

Notes
Turn   | Place    | Note
-------+----------+-------------------------------------------
     0 | D:1      | mahrnol the Troll Monk began the quest for the Orb.
     0 | D:1      | Reached XP level 1. HP: 22/22 MP: 0/0
    52 | D:1      | Reached XP level 2. HP: 29/29 MP: 1/1
   500 | D:1      | Reached XP level 3. HP: 36/36 MP: 2/2
  1305 | D:2      | Reached skill level 4 in Unarmed Combat
  1305 | D:2      | Reached XP level 4. HP: 30/44 MP: 3/3
  1407 | D:2      | Found a shimmering altar of Xom.
  1441 | D:2      | HP: 1/44 [wight/cursed +5 scimitar (9)]
  1441 | D:2      | Slain by a wight

Skill      XL: |  1  2  3 |
---------------+----------+-----
Dodging        | 3 |  3.3
Unarmed Combat | 4 |  4.3
Fighting       | |  2.4
Stealth        | |  1.3

Action                   |  1- 3 |  4- 6 || total
-------------------------+-------+-------++-------
Melee: Unarmed           |   109 |    14 ||   123
       Punch             |     2 |       ||     2
 Stab: Sleeping          |     4 |       ||     4
  Eat: Chunk             |    17 |     1 ||    18
Armor: Robe              |    38 |     1 ||    39
Dodge: Dodged            |    60 |     5 ||    65
